 Dungeon Crawl Stone Soup version 0.29.1-1-gd02db6906a (webtiles) character file.

Game seed: 15320470344373687244

640 Icepheonix32 the Summoner (level 7, 0/46 HPs)
             Began as a Merfolk Summoner on Oct 6, 2022.
             Slain by a hound (3 damage)
             ... on level 5 of the Dungeon.
             The game lasted 00:05:38 (4870 turns).

Icepheonix32 the Summoner (Merfolk Summoner)        Turns: 4870, Time: 00:05:38

Health: 0/46       AC:  7    Str:  9    XL:     7   Next: 51%
Magic:  9/10       EV: 12    Int: 16    God:
Gold:   132        SH:  0    Dex: 14    Spells: 1/10 levels left

rFire   + . .      SeeInvis +   w - +2 long sword (drain)
rCold   + . .      Faith    .   (no shield)
rNeg    . . .      Spirit   .   a - +0 robe
rPois   +          Reflect  .   k - +1 helmet {SInv}
rElec   +          Harm     .   (no cloak)
rCorr   +          Rampage  .   (no gloves)
Will    .....                   y - +2 pair of boots
Stlth   ++........              (no amulet)
HPRegen 0.15/turn               (no ring)
MPRegen 0.12/turn               (no ring)

@: resistant
A: (nimble swimmer 2), mertail
a: no special abilities


You were on level 5 of the Dungeon.
You visited 1 branch of the dungeon, and saw 5 of its levels.

You collected 132 gold pieces.

Inventory:

Hand Weapons
 c - a +0 whip
 j - a +0 short sword
 p - a +0 spear
 w - a +2 long sword of draining (weapon)
 A - a +0 halberd
Missiles
 f - 2 throwing nets
Armour
 a - a +0 robe (worn)
 k - a +1 helmet of see invisible (worn)
 y - a +2 pair of boots (worn)
 B - the +0 leather armour "Eniasseq" {Fly rC+}
   (You found it on level 4 of the Dungeon)

   rC:        It protects you from cold.
   Fly:       It grants you flight.
Scrolls
 d - a scroll of noise {unknown}
 h - a scroll of immolation
 i - a scroll of vulnerability
 o - a scroll of torment {unknown}
 q - 2 scrolls of magic mapping {unknown}
 r - a scroll of enchant armour {unknown}
 s - a scroll of acquirement {unknown}
 t - 3 scrolls of teleportation
 v - a scroll of enchant weapon {unknown}
 x - a scroll of butterflies {unknown}
 z - a scroll of amnesia {unknown}
Potions
 b - a potion of magic
 e - 2 potions of attraction {unknown}
 g - a potion of resistance
 l - a potion of flight {unknown}
 m - 2 potions of haste {unknown}
 n - a potion of ambrosia {unknown}
 u - a potion of lignification {unknown}


   Skills:
 - Level 2.6 Dodging
 - Level 2.1 Stealth
 - Level 2.0 Spellcasting
 + Level 9.0 Summonings


You had one spell level left.
You knew the following spells:

 Your Spells              Type           Power      Damage    Failure   Level
a - Summon Small Mammal   Summ           100%       N/A       1%          1
b - Call Imp              Summ           30%        N/A       1%          2
c - Call Canine Familiar  Summ           30%        N/A       1%          3
d - Summon Guardian Gole  Hex/Summ       16%        N/A       10%         3

Your spell library contained the following spells:

 Spells                   Type           Power      Damage    Failure   Level
 Slow                     Hex            4%         N/A       21%         1
 Ensorcelled Hibernation  Hex/Ice        2%         N/A       30%         2
 Passwall                 Tmut/Erth      0%         N/A       30%         2
 Summon Lightning Spire   Summ/Air       16%        N/A       32%         4
 Confusing Touch          Hex            1%         N/A       52%         3
 Gell's Gravitas          Tloc           1%         N/A       52%         3
 Lesser Beckoning         Tloc           1%         N/A       52%         3
 Ozocubu's Armour         Ice            1%         N/A       52%         3
 Swiftness                Air            1%         N/A       52%         3
 Teleport Other           Tloc           1%         N/A       52%         3
 Vampiric Draining        Necr           1%         2d6       52%         3
 Ozocubu's Refrigeration  Ice            0%         4d7       100%        7


Dungeon Overview and Level Annotations

Branches:
Dungeon (5/15)
 Temple: D:4-7

Altars:
Nemelex Xobeh


Innate Abilities, Weirdness & Mutations

((You are very nimble when in or above water. (Stealth+, EV+, Speed+++)))
Your lower body shifts to a powerful aquatic tail in water.


Message History

The orc wizard is moderately wounded.
Your hound bites the orc wizard but does no damage.
The hound barely misses you.
Your hound completely misses the orc wizard.
The orc hits you with a +0 trident.
The orc wizard barely misses your hound.
The orc closely misses you.
You miss the orc wizard.
The orc wizard is moderately wounded.
The hound bites you but does no damage.
Your hound misses the orc wizard. The orc hits you but does no damage. x2
The orc wizard hits you but does no damage.
Your hound bites the orc wizard.
The hound misses you.
Unknown command.
You barely miss the orc wizard.
The orc wizard is moderately wounded.
The hound bites you but does no damage.
Your hound bites the orc wizard.
The orc hits you but does no damage. x2
The orc wizard closely misses your hound.
The hound bites you.
Your hound bites the orc wizard.
The orc wizard dies!
The orc barely misses you. The orc closely misses you.
Your Summonings skill increases to level 9!
You barely miss the orc. The hound bites you but does no damage.
Your hound misses the hound. The hound bites you but does no damage.
Your hound barely misses the hound.
The orc hits you with a +0 whip.
* * * LOW HITPOINT WARNING * * *
The orc hits you with a +0 trident.
* * * LOW HITPOINT WARNING * * *
Unknown command.
The orc attacks as you move away! The orc hits you with a +0 whip.
* * * LOW HITPOINT WARNING * * *
The hound attacks as you move away! The hound bites you.
* * * LOW HITPOINT WARNING * * *
Your hound closely misses the hound.
The orc barely misses you.
Your hound bites the hound.
The hound barely misses you.
It was a potion of resistance.
You feel protected.
Your hound bites the hound.
The hound bites you.
You die...

#.............
#.............
#....#'####+####
#....#.........+
#....#.........#
###....###'##############
<........................
.................h)......
................@ho......
...............!)o.......
.........................
###....#########+########
#....# #....#


You could see a hound (ally target), 2 orcs and a friendly hound (summoned).

Vanquished Creatures
  A necrophage (D:4)
  A scorpion (D:4)
  2 orc priests
  Natasha (twice) (D:4)
  2 gnolls (D:4)
  2 adders
  2 ufetubi (D:4)
  An adder skeleton (D:3)
  An adder zombie (D:3)
  3 dart slugs
  2 orcs
  6 endoplasms
  2 giant cockroaches
  4 goblins
  4 hobgoblins
  2 quokkas
  6 ball pythons
  A ball python skeleton (D:3)
  5 bats
  A frilled lizard (D:2)
  A giant cockroach zombie (D:3)
  4 kobolds
  2 rats (D:1)
57 creatures vanquished.

Vanquished Creatures (collateral kills)
  Menkaure (D:4)
  An orc priest (D:3)
  A jelly (D:4)
  Natasha (D:4)
  2 orc wizards (D:5)
  A hound skeleton (D:3)
  A gnoll (D:4)
  An orc (D:3)
  2 bats
  4 endoplasms
  4 goblins
  2 jackals (D:3)
  2 kobolds (D:1)
  2 ball pythons (D:1)
  A rat (D:1)
26 creatures vanquished.

Grand Total: 83 creatures vanquished

Notes
Turn   | Place    | Note
-------+----------+-------------------------------------------
     0 | D:1      | Icepheonix32 the Merfolk Summoner began the quest for the
                  | Orb.
     0 | D:1      | Reached XP level 1. HP: 13/13 MP: 3/3
   364 | D:1      | Found a faded altar of an unknown god.
   420 | D:1      | Reached XP level 2. HP: 11/19 MP: 1/5
   687 | D:1      | Learned a level 2 spell: Call Imp
  1246 | D:1      | Reached XP level 3. HP: 24/24 MP: 3/6
  1812 | D:2      | Reached skill level 5 in Summonings
  2153 | D:2      | Found a sparkling altar of Nemelex Xobeh.
  2936 | D:3      | Reached XP level 4. HP: 21/30 MP: 4/7
  3052 | D:3      | Reached skill level 6 in Summonings
  3052 | D:3      | Reached XP level 5. HP: 25/35 MP: 5/8
  3065 | D:3      | Learned a level 3 spell: Call Canine Familiar
  3913 | D:4      | Reached skill level 7 in Summonings
  3992 | D:4      | Reached XP level 6. HP: 29/41 MP: 9/9
  4038 | D:4      | Noticed Menkaure
  4262 | D:4      | Killed Menkaure
  4263 | D:4      | Reached skill level 8 in Summonings
  4269 | D:4      | Learned a level 3 spell: Summon Guardian Golem
  4357 | D:4      | Noticed Natasha
  4366 | D:4      | Killed Natasha
  4367 | D:4      | Reached XP level 7. HP: 28/46 MP: 4/10
  4495 | D:4      | Noticed Natasha
  4502 | D:4      | Killed Natasha
  4508 | D:4      | Noticed Natasha
  4514 | D:4      | Killed Natasha
  4733 | D:4      | Identified the +0 leather armour "Eniasseq" {Fly rC+}
  4831 | D:5      | Entered Level 5 of the Dungeon
  4868 | D:5      | Reached skill level 9 in Summonings
  4870 | D:5      | Slain by a hound

Illustrated notes

Levels and vault maps discovered:
D:1:      sevenhm_arrival_forest_fort_large_4, layout_basic,
          hellmonk_ecumenical_altar_blasted
D:2:      layout_loops_ring, basic_altar
D:3:      layout_basic, serial_undead, serial_undead_b, serial_undead_e,
          serial_undead_a, serial_undead_c,
          hangedman_abyss_or_decor_lesser_grid, corexii_hall_statues_i
D:4:      layout_rooms, uniq_natasha, uniq_menkaure
D:5:      layout_gridville, mainiacjoe_overflow_alcove_3, lightli_minifort,
          uniq_blork_the_orc

Skill      XL: |  1  2  3  4  5  6  7 |
---------------+----------------------+-----
Summonings     | 5 6 7 8 9 |  9.0
Dodging        | |  2.6
Stealth        | |  2.1
Spellcasting   | |  2.0

Action                   |  1- 3 |  4- 6 |  7- 9 || total
-------------------------+-------+-------+-------++-------
Melee: Whip              |    48 |       |       ||    48
       Unarmed           |    11 |       |       ||    11
       Punch             |     2 |     2 |     3 ||     7
       Short sword       |    13 |       |       ||    13
       Spear             |    72 |    51 |       ||   123
       Long sword        |       |    32 |    40 ||    72
 Cast: Summon Small Mamm |    18 |       |       ||    18
       Call Imp          |    15 |     5 |       ||    20
       Call Canine Famil |       |     8 |     3 ||    11
  Use: Scroll            |     2 |     1 |       ||     3
       Potion            |       |     2 |     1 ||     3
 Stab: Sleeping          |     5 |     1 |       ||     6
       Distracted        |       |     1 |       ||     1
Armor: Robe              |    49 |    15 |    36 ||   100
Dodge: Dodged            |   106 |    56 |    63 ||   225
